 Dungeon Crawl Stone Soup version 0.28-a0-1404-g4df0f3684d (webtiles) character file.

Game seed: 3429495102934088814

359 flotson the Ducker (level 6, -4/47 HPs)
             Began as a Demonspawn Gladiator on Jan 5, 2022.
             Slain by a gnoll (15 damage)
             ... on level 6 of the Dungeon.
             The game lasted 00:04:36 (3187 turns).

flotson the Ducker (Demonspawn Gladiator)           Turns: 3187, Time: 00:04:36

Health: -4/47      AC:  6    Str: 16    XL:     6   Next: 37%
Magic:  6/6        EV: 12    Int:  9    God:
Gold:   34         SH:  0    Dex: 15    Spells: 5/5 levels left

rFire   . . .      SeeInvis +   b - +0 fustibalus (vorpal)
rCold   . . .      Faith    .   (no shield)
rNeg    . . .      Spirit   .   e - +0 ring mail
rPois   .          Reflect  .   (helmet restricted)
rElec   .          Harm     .   i - +0 cloak
rCorr   .          Rampage  .   (no gloves)
Will    .....                   (no boots)
Stlth   +.........              (no amulet)
HPRegen 0.15/turn               g - ring of see invisible
MPRegen 0.10/turn               (no ring)

@: no status effects
A: horns 1, demonic guardian 2, foul stench 2
a: no special abilities


You were on level 6 of the Dungeon.
You visited 1 branch of the dungeon, and saw 5 of its levels.

You collected 106 gold pieces.
You spent 72 gold pieces at shops.

Inventory:

Hand Weapons
 a - a +0 war axe
 b - a +0 vorpal fustibalus (weapon)
Missiles
 d - 3 throwing nets
 h - 14 poisoned darts
 m - 55 stones (quivered ammo)
 p - 2 curare-tipped darts
Armour
 e - a +0 ring mail (worn)
 i - a +0 cloak (worn)
Jewellery
 g - a ring of see invisible (left hand)
Scrolls
 n - a scroll of fear {unknown}
 o - a scroll of magic mapping {unknown}
 q - a scroll of identify
Potions
 k - a potion of ambrosia {unknown}
 l - 2 potions of might


   Skills:
 + Level 3.4 Fighting
 + Level 3.7 Axes
 + Level 3.1 Throwing
 + Level 2.3 Armour
 + Level 3.8 Dodging


You had 5 spell levels left.
You didn't know any spells.
Your spell library was empty.

Dungeon Overview and Level Annotations

Branches:
Dungeon (4/15)
 Temple: D:4-7

Altars:
Dithmenos

Shops:
D:3 *

Annotations:
D:4 Dowan, Duvessa, Sigmund


Innate Abilities, Weirdness & Mutations

You have a pair of small horns on your head.
A demonic guardian rushes to your aid.
You sometimes emit foul miasma when damaged in melee.


Message History

The howler monkey zombie hits you.
A killer bee zombie comes into view.
Found a hunting sling.
A sky beast comes into view.
The killer bee zombie hits you but does no damage.
The killer bee zombie closely misses you.
Really attack while wielding your +0 fustibalus? [Y]es or [N]o only, please.
Really attack while wielding your +0 fustibalus?
Okay, then.
Unknown command.
As you read the scroll labelled AKHLOERERAJ, it crumbles to dust.
It is a scroll of brand weapon.
Your +0 fustibalus emits a brilliant flash of light!
b - a +0 vorpal fustibalus (weapon)
The killer bee zombie hits you.
You emit a cloud of foul miasma!
The sky beast flickers out of sight for a moment.
The killer bee zombie hits you but does no damage.
The howler monkey zombie misses you. The gnoll barely misses you.
As you read the scroll labelled TONGAH XIBU, it crumbles to dust.
You speak a Word of immense power!
The killer bee zombie convulses!
You destroy the killer bee zombie!
The howler monkey zombie convulses!
You destroy the howler monkey zombie!
The bullfrog skeleton convulses!
You destroy the bullfrog skeleton!
The centaur zombie convulses!
The bullfrog zombie convulses!
You destroy the bullfrog zombie!
You are blasted by holy energy!
It was a scroll of holy word.
The centaur zombie is lost in a daze.
The kobold shoots a bolt.
The bolt hits you.
* * * LOW HITPOINT WARNING * * *
The gnoll hits you from afar with a +0 halberd!
* * * LOW HITPOINT WARNING * * *
A demonic guardian appears!
You feel better. The sky beast barely misses you.
The centaur zombie hits you but does no damage.
The centaur zombie barely misses you.
The gnoll hits you from afar with a +0 halberd!
You die...

##.##....# ###Z#.## #.
#.##K# #....####.. #
....... #####Z.......
#.....#.##..l.....####
#.....#.Z...##....#
......###.......#
.......4gK.#....#
#######☼Zg.........
......Y@#########...
######### ... ..


You could see a sky beast (invisible), an iguana (weak), 2 gnolls, a centaur
zombie (dazed, ally target), 2 kobolds and a friendly ice devil (summoned).

Vanquished Creatures
  A bullfrog zombie (D:6)
  A bullfrog skeleton (D:6)
  3 orc wizards
  A killer bee zombie (D:6)
  A howler monkey zombie (D:6)
  4 adders
  2 dart slugs
  6 orcs
  7 ball pythons
  6 endoplasms
  4 giant cockroaches
  3 goblins
  3 hobgoblins
  2 jackals (D:1)
  A quokka (D:1)
  3 bats (D:1)
  6 frilled lizards
  3 kobolds
  7 rats
64 creatures vanquished.

Vanquished Creatures (collateral kills)
  A necrophage (D:3)
  A worm (D:2)
  An orc (D:6)
  A rat (D:2)
4 creatures vanquished.

Grand Total: 68 creatures vanquished

Notes
Turn   | Place    | Note
-------+----------+-------------------------------------------
     0 | D:1      | flotson the Demonspawn Gladiator began the quest for the
                  | Orb.
     0 | D:1      | Reached XP level 1. HP: 16/16 MP: 1/1
    89 | D:1      | Gained mutation: You may rarely emit foul miasma when
                  | damaged in melee. [demonic ancestry]
    89 | D:1      | Reached XP level 2. HP: 16/22 MP: 2/2
  1054 | D:1      | Gained mutation: A weak demonic guardian rushes to your
                  | aid. [demonic ancestry]
  1054 | D:1      | Reached XP level 3. HP: 28/28 MP: 3/3
  1189 | D:2      | Found a faded altar of an unknown god.
  1261 | D:2      | Reached skill level 1 in Armour
  1853 | D:3      | Gained mutation: You have a pair of small horns on your
                  | head. [demonic ancestry]
  1853 | D:3      | Reached XP level 4. HP: 34/34 MP: 4/4
  1965 | D:3      | Found Dojumeu's General Store.
  1970 | D:3      | Bought a scroll of identify for 28 gold pieces
  1970 | D:3      | Bought a scroll of identify for 28 gold pieces
  1970 | D:3      | Bought 2 curare-tipped darts for 16 gold pieces
  2273 | D:3      | Found a shadowy altar of Dithmenos.
  2379 | D:4      | Noticed a necrophage
  2522 | D:4      | Noticed Sigmund
  2522 | D:4      | Noticed Duvessa
  2522 | D:4      | Noticed Dowan
  2815 | D:3      | Killed a necrophage
  2816 | D:3      | Gained mutation: You sometimes emit foul miasma when
                  | damaged in melee. [demonic ancestry]
  2816 | D:3      | Reached XP level 5. HP: 17/41 MP: 5/5
  3142 | D:4      | Gained mutation: A demonic guardian rushes to your aid.
                  | [demonic ancestry]
  3142 | D:4      | Reached XP level 6. HP: 45/47 MP: 6/6
  3161 | D:4      | You fall into a shaft and drop 2 floors!
  3183 | D:6      | Noticed a sky beast
  3186 | D:6      | HP: 2/47 [gnoll (8)]
  3187 | D:6      | Slain by a gnoll

Illustrated notes

Levels and vault maps discovered:
D:1:      heliophobic_arrival_enchanted_forest, layout_basic,
          hangedman_decor_riveting
D:2:      layout_basic, ebering_ecumenical_altar_abandoned
D:3:      layout_loops_ring, mainiacjoe_overflow_24_doors, serial_shops, shop,
          hangedman_decor_clover_reticule
D:4:      layout_cave_pools, nicolae_wu_jian_wuxing_cycle, portal_sewer_entry_a,
          serial_shops, shop, uniq_sigmund, uniq_duvessa
D:6:      layout_rooms, serial_undead, serial_undead_c, serial_undead_a,
          serial_undead_a, serial_undead_e, serial_undead_e, serial_undead_d,
          uniq_crazy_yiuf_cottage

Skill      XL: |  1  2  3  4  5 |
---------------+----------------+-----
Throwing       | 2 3 |  3.1
Axes           | 3 |  3.7
Dodging        | 3 |  3.8
Armour         | 1 2 |  2.3
Fighting       | 3 |  3.4

Action                   |  1- 3 |  4- 6 || total
-------------------------+-------+-------++-------
Melee: War axe           |    95 |    37 ||   132
       Punch             |     1 |       ||     1
       Headbutt          |       |     7 ||     7
 Fire: Fustibalus        |     6 |    15 ||    21
  Use: Scroll            |       |     5 ||     5
       Potion            |       |     1 ||     1
Armor: Ring mail         |    49 |    24 ||    73
       Leather armour    |     2 |       ||     2
Dodge: Dodged            |    66 |    62 ||   128

Table legend: (Time is in decaauts)
 A = Elapsed time spent in this place.
 B = Non-inter-level travel time spent in this place.
 C = Inter-level travel time spent in this place.
 D = Time resting spent in this place.
 E = Time spent auto-exploring this place.
 F = Levels seen in this place.
 G = Mean time per level.
                   A        B        C        D        E       F      G
               +--------+--------+--------+--------+--------+-----+--------+
         Total |   3243 |   2847 |    396 |    501 |   1842 |   5 |  648.6 |
       Dungeon |   3243 |   2847 |    396 |    501 |   1842 |   5 |  648.6 |
               +--------+--------+--------+--------+--------+-----+--------+

Top non-repeatable levels by time:
     D:3: 1419 daAuts
     D:1: 1168 daAuts
     D:2: 546 daAuts
     D:4: 84 daAuts
     D:6: 25 daAuts
